 Dungeon Crawl Stone Soup version 0.24.0-13-gcf9b3192b9 (webtiles) character file.

Game seed: 17941099324006797362, levelgen mode: deterministic

1673 FishyPogo the Charmwright (level 9, 0/69 HPs)
             Began as a Gnoll Skald on Nov 9, 2019.
             Was a Believer of Qazlal.
             Slain by a hippogriff (8 damage)
             ... on level 7 of the Dungeon.
             The game lasted 00:28:11 (4699 turns).

FishyPogo the Charmwright (Gnoll Skald)             Turns: 4699, Time: 00:28:12

Health: 0/69       AC:  5    Str: 14    XL:     9   Next: 1%
Magic:  0/18       EV: 15    Int: 17    God:    Qazlal [**....]
Gold:   321        SH:  3    Dex: 16    Spells: 10/20 levels left

rFire    + . .     SeeInvis .   w - +3 mace
rCold    . . .     Gourm    .   (no shield)
rNeg     . . .     Faith    .   b - +1 leather armour
rPois    +         Spirit   .   (no helmet)
rElec    .         Reflect  .   z - +0 cloak
rCorr    .         Harm     .   (no gloves)
MR       .....                  (no boots)
Stlth    ++........             (no amulet)
HPRegen  0.21/turn              o - ring of poison resistance
MPRegen  0.16/turn              q - ring of protection from fire

@: flying
A: distributed training, fangs 1, strong nose
a: Upheaval, Renounce Religion


You were on level 7 of the Dungeon.
You worshipped Qazlal.
Qazlal was pleased with you.
You were not hungry.

You visited 1 branch of the dungeon, and saw 7 of its levels.

You collected 321 gold pieces.

Inventory:

Hand Weapons
 w - a +3 mace (weapon)
 x - a cursed +0 whip
Missiles
 e - 135 stones (quivered)
 r - 36 poisoned darts
 t - 2 throwing nets
 v - 3 boomerangs
Armour
 b - a +1 leather armour (worn)
 z - a +0 cloak (worn)
Jewellery
 o - a ring of poison resistance (left hand)
 q - a ring of protection from fire (right hand)
Wands
 a - a wand of paralysis (9)
 n - a wand of flame (20)
Scrolls
 c - 5 scrolls of remove curse
 f - 2 scrolls of teleportation {unknown}
 h - a scroll of magic mapping {unknown}
 i - 7 scrolls of identify {unknown}
 k - a scroll of blinking {unknown}
 s - a scroll of fog {unknown}
 y - a scroll of enchant armour
 A - a scroll of enchant weapon {unknown}
Potions
 g - a potion of curing
 j - a potion of brilliance
 l - a potion of magic
 m - a potion of agility
 p - 3 potions of berserk rage
 u - a potion of flight
Comestibles
 d - 10 rations
 B - 7 chunks of flesh


   Skills:
 + Level 6.0 Fighting
 + Level 3.7 Short Blades
 + Level 6.0 Long Blades
 + Level 3.7 Axes
 + Level 3.7 Maces & Flails
 + Level 3.7 Polearms
 + Level 3.7 Staves
 + Level 3.7 Slings
 + Level 3.7 Bows
 + Level 3.7 Crossbows
 + Level 3.7 Throwing
 + Level 4.5 Armour
 + Level 6.0 Dodging
 + Level 3.7 Stealth
 + Level 3.7 Shields
 + Level 3.7 Unarmed Combat
 + Level 6.3 Spellcasting
 + Level 3.0 Conjurations
 + Level 3.0 Hexes
 + Level 6.3 Charms
 + Level 3.0 Summonings
 + Level 3.0 Necromancy
 + Level 3.0 Translocations
 + Level 3.0 Transmutations
 + Level 3.0 Fire Magic
 + Level 3.0 Ice Magic
 + Level 3.0 Air Magic
 + Level 3.0 Earth Magic
 + Level 3.0 Poison Magic
 + Level 4.1 Invocations
 + Level 3.7 Evocations


You had 10 spell levels left.
You knew the following spells:

 Your Spells              Type           Power        Failure   Level  Hunger
h - Regeneration          Chrm/Necr      ###.......   7%          3    ##.....
l - Confusing Touch       Hex            ###...       4%          1    None
p - Infusion              Chrm           ####         1%          1    None
u - Shroud of Golubria    Chrm/Tloc      ###...       3%          2    None
y - Spectral Weapon       Hex/Chrm       ###.....     7%          3    ##.....

Your spell library contained the following spells:

 Spells                   Type           Power        Failure   Level  Hunger
 Song of Slaying          Chrm           ####....     1%          2    None
 Confuse                  Hex            ###.....     13%         3    ##.....
 Gell's Gravitas          Tloc           ###.......   13%         3    ##.....
 Petrify                  Tmut/Erth      ###.....     41%         4    ####...
 Metabolic Englaciation   Hex/Ice        ###.......   77%         5    #####..
 Yara's Violent Unravell  Hex/Tmut       ###.......   77%         5    #####..


Dungeon Overview and Level Annotations

Branches:
Dungeon (7/15)             Temple (0/1) D:6

Altars:
Gozag
Nemelex Xobeh
Qazlal
Ru
Uskayaw
Wu Jian


Innate Abilities, Weirdness & Mutations

Your experience applies equally to all skills.
You have very sharp teeth.
Your uncanny sense of smell can sniff out nearby items.


Message History

The hippogriff barely misses you.
You feel better. The hippogriff barely misses you. The hippogriff misses you.
The hippogriff claws you but does no damage.
Casting: Shroud of Golubria (safe; 3% risk of failure)
Confirm with . or Enter, or press ? or * to list all spells.
You don't have enough magic to cast that spell.
Casting: Shroud of Golubria (safe; 3% risk of failure)
Confirm with . or Enter, or press ? or * to list all spells.
You draw out your weapon's spirit!
The hippogriff bites you but does no damage.
The hippogriff pecks you.
* * * LOW HITPOINT WARNING * * *
The hippogriff claws you but does no damage.
You hit the hippogriff.
The hippogriff is moderately wounded.
Your spectral weapon hits the hippogriff.
The hippogriff bites you!
* * * LOW HITPOINT WARNING * * *
The hippogriff pecks you!
You die...

############
####.H(.......#
#...@#####.##.# .
#..○######.# .#
..###########...<....#
..
......$.....)....#####
.##
...............#..# ..
.!..............#.# ..
.............÷..### .♣
................#
.....S..........#


You could see a hippogriff and a friendly spectral +3 mace.

Vanquished Creatures
  A black bear (D:7)
  A phantom (D:4)
  4 ogres
  2 centaurs (D:5)
  2 bullfrogs (D:6)
  A scorpion (D:5)
  3 crimson imps
  3 jellies
  A bullfrog skeleton (D:4)
  3 orc priests (D:4)
  2 orc wizards (D:4)
  2 iguanas
  5 worker ants
  A hound skeleton (D:7)
  4 gnolls
  11 adders
  A shadow imp (D:7)
  2 oozes
  An adder skeleton (D:5)
  A worm (D:3)
  6 leopard geckos
  12 orcs
  6 giant cockroaches
  4 hobgoblins
  10 jackals
  6 kobolds
  2 quokkas
  4 ball pythons
  7 bats
  4 frilled lizards
  6 goblins
  A quokka skeleton (D:4)
  11 rats
  4 spectral weapons
134 creatures vanquished.

Vanquished Creatures (others)
  An orc (D:4)
  2 spectral weapons
3 creatures vanquished.

Grand Total: 137 creatures vanquished

Notes
Turn   | Place    | Note
-------+----------+-------------------------------------------
     0 | D:1      | FishyPogo the Gnoll Skald began the quest for the Orb.
     0 | D:1      | Reached XP level 1. HP: 20/20 MP: 6/6
   123 | D:2      | Reached XP level 2. HP: 26/26 MP: 3/7
   202 | D:2      | Reached skill level 5 in Spellcasting
   202 | D:2      | Reached XP level 3. HP: 28/31 MP: 3/9
   304 | D:2      | Reached skill level 1 in Invocations
   325 | D:1      | Reached skill level 1 in Short Blades
   325 | D:1      | Reached skill level 1 in Axes
   325 | D:1      | Reached skill level 1 in Maces & Flails
   325 | D:1      | Reached skill level 1 in Polearms
   325 | D:1      | Reached skill level 1 in Staves
   325 | D:1      | Reached skill level 1 in Slings
   325 | D:1      | Reached skill level 1 in Bows
   325 | D:1      | Reached skill level 1 in Crossbows
   325 | D:1      | Reached skill level 1 in Throwing
   325 | D:1      | Reached skill level 1 in Stealth
   325 | D:1      | Reached skill level 1 in Shields
   325 | D:1      | Reached skill level 1 in Unarmed Combat
   325 | D:1      | Reached skill level 1 in Evocations
   332 | D:1      | Learned a level 3 spell: Spectral Weapon
   431 | D:1      | Learned a level 3 spell: Regeneration
   452 | D:1      | Reached XP level 4. HP: 28/38 MP: 8/11
   922 | D:2      | Found a stormy altar of Qazlal.
   930 | D:2      | Found a sparkling altar of Nemelex Xobeh.
   930 | D:2      | Found a sacrificial altar of Ru.
   930 | D:2      | Found a hide-covered altar of Uskayaw.
   931 | D:2      | Found an opulent altar of Gozag.
   942 | D:2      | Became a worshipper of Qazlal Stormbringer
   969 | D:2      | Reached skill level 1 in Conjurations
   969 | D:2      | Reached skill level 1 in Hexes
   969 | D:2      | Reached skill level 1 in Summonings
   969 | D:2      | Reached skill level 1 in Necromancy
   969 | D:2      | Reached skill level 1 in Translocations
   969 | D:2      | Reached skill level 1 in Transmutations
   969 | D:2      | Reached skill level 1 in Fire Magic
   969 | D:2      | Reached skill level 1 in Ice Magic
   969 | D:2      | Reached skill level 1 in Air Magic
   969 | D:2      | Reached skill level 1 in Earth Magic
   969 | D:2      | Reached skill level 1 in Poison Magic
   981 | D:2      | Learned a level 2 spell: Shroud of Golubria
  1416 | D:3      | Reached XP level 5. HP: 30/43 MP: 6/12
  1762 | D:3      | Reached * piety under Qazlal
  2009 | D:4      | Found an ornate altar of the Wu Jian Council.
  2038 | D:4      | Noticed a phantom
  2108 | D:4      | Killed a phantom
  2108 | D:4      | Reached XP level 6. HP: 40/50 MP: 2/13
  2244 | D:4      | Reached skill level 5 in Fighting
  2244 | D:4      | Reached skill level 5 in Long Blades
  2244 | D:4      | Reached skill level 5 in Dodging
  2664 | D:4      | Reached XP level 7. HP: 56/56 MP: 7/15
  2738 | D:4      | Learned a level 1 spell: Confusing Touch
  2830 | D:5      | Entered Level 5 of the Dungeon
  3066 | D:5      | Reached XP level 8. HP: 45/63 MP: 14/16
  3261 | D:5      | Reached ** piety under Qazlal
  3904 | D:6      | Found a staircase to the Ecumenical Temple.
  4651 | D:7      | Reached XP level 9. HP: 55/69 MP: 0/18
  4699 | D:7      | Slain by a hippogriff

Levels and vault maps discovered:
D:1:      lemuel_arrival_river_ford, layout_rooms
D:2:      layout_basic, minitemple, first_ration, st_stairs_6
D:3:      layout_loops_ring
D:4:      minmay_chambers_of_twos, layout_loops_cross, overflow_temple_1_default
D:5:      layout_loops_ring
D:6:      layout_basic, minmay_temple_entry_sparse_star
D:7:      layout_rooms, yredelemnul_forgotten_temple_becter,
          uniq_crazy_yiuf_cottage

Skill      XL: |  1  2  3  4  5  6  7  8  9 |
---------------+----------------------------+-----
Spellcasting   | 5 6 |  6.3
Invocations    | 1 2 3 4 |  4.1
Short Blades   | 1 2 3 |  3.7
Axes           | 1 2 3 |  3.7
Maces & Flails | 1 2 3 |  3.7
Polearms       | 1 2 3 |  3.7
Staves         | 1 2 3 |  3.7
Slings         | 1 2 3 |  3.7
Bows           | 1 2 3 |  3.7
Crossbows      | 1 2 3 |  3.7
Throwing       | 1 2 3 |  3.7
Stealth        | 1 2 3 |  3.7
Shields        | 1 2 3 |  3.7
Unarmed Combat | 1 2 3 |  3.7
Evocations     | 1 2 3 |  3.7
Conjurations   | 1 2 3 |  3.0
Hexes          | 1 2 3 |  3.0
Summonings     | 1 2 3 |  3.0
Necromancy     | 1 2 3 |  3.0
Translocations | 1 2 3 |  3.0
Transmutations | 1 2 3 |  3.0
Fire Magic     | 1 2 3 |  3.0
Ice Magic      | 1 2 3 |  3.0
Air Magic      | 1 2 3 |  3.0
Earth Magic    | 1 2 3 |  3.0
Poison Magic   | 1 2 3 |  3.0
Armour         | 3 4 |  4.5
Fighting       | 5 6 |  6.0
Long Blades    | 5 6 |  6.0
Dodging        | 5 6 |  6.0
Charms         | 6 |  6.3

Action                   |  1- 3 |  4- 6 |  7- 9 || total
-------------------------+-------+-------+-------++-------
Melee: Falchion          |    44 |   153 |    30 ||   227
       Bite              |     5 |    11 |    16 ||    32
       Punch             |       |     3 |     3 ||     6
       Mace              |       |       |    99 ||    99
Throw: Dart              |       |       |    12 ||    12
       Stone             |       |       |     3 ||     3
 Cast: Infusion          |     8 |    14 |     7 ||    29
       Spectral Weapon   |     1 |    25 |    23 ||    49
       Shroud of Golubri |       |     5 |     5 ||    10
       Regeneration      |       |     3 |     5 ||     8
       Confusing Touch   |       |       |     2 ||     2
  Use: Potion            |       |     6 |     5 ||    11
       Scroll            |       |     1 |     1 ||     2
 Stab: Distracted        |     1 |     1 |     1 ||     3
       Sleeping          |       |     1 |       ||     1
  Eat: Chunk             |       |     8 |     5 ||    13
       Ration            |       |       |     1 ||     1
Armor: Leather armour    |    12 |    30 |    32 ||    74
Dodge: Dodged            |    33 |   107 |   112 ||   252
Block: Other             |       |     2 |    11 ||    13
       Rpst.: Falchion   |    10 |    33 |     8 ||    51
